Map: Orbital Shipyard

Players

Serral - Winner!

  • Race: Zerg Zerg
  • League: Grandmaster

Elazer

  • Race: Zerg Zerg
  • League: Grandmaster

Event: 2016 WCS Winter Challenger Europe

VOD

Have the link to the VOD?

Description

Time

  • Played on: Feb. 14, 2016, 10:46 a.m.
  • Length: 4:49

All games in this series

Show
View Real Time Build Order
Export as new Build Order

Serral Zerg - Winner!

Build Orders: Hatch First, Zergling Baneling 

Get SALT Encoding   

  12  0:00  Drone  
  13  0:13  Overlord  
  13  0:17  Drone  
  14  0:31  Drone  
  14  0:32  Drone  
  16  0:36  Drone  
  17  0:51  Hatchery  
  17  0:54  Drone  
  17  1:00  Drone  
  17  1:03  Extractor  
  17  1:13  Spawning Pool  
  17  1:15  Drone  
  17  1:19  Drone  
  18  1:30  Drone  
  19  1:39  Overlord  
  19  2:00  Baneling Nest, Zergling x2, Queen  
  21  2:01  Zergling x2  
  21  2:03  Queen  
  21  2:06  Drone  
  25  2:12  Drone  
  26  2:16  Drone  
  26  2:22  Metabolic Boost  
  27  2:24  Drone  
  27  2:27  Drone  
  29  2:33  Overlord  
  29  2:35  Drone  
  30  2:44  Drone  
  31  2:46  Drone  
  31  2:51  Baneling x2  
  32  2:56  Zergling x2  
  32  2:57  Zergling x2  
  33  2:59  Evolution Chamber, Queen  
  33  3:04  Evolution Chamber  
  33  3:08  Zergling x2  
  33  3:09  Zergling x2  
  35  3:15  Baneling  
  35  3:19  Zergling x2  
  26  3:23  Zergling x2  
  26  3:30  Zergling x4  
  26  3:35  Baneling  
  25  3:42  Zergling x2  
  26  3:54  Zergling x4  
  26  3:55  Zergling x2  
  29  4:02  Baneling  
  29  4:06  Zergling x4  
  31  4:25  Baneling x2  
  31  4:28  Drone x2  
  31  4:29  Drone  
  31  4:30  Drone  
  35  4:32  Drone x2  
  35  4:33  Baneling  
Show
View Real Time Build Order
Export as new Build Order

Elazer Zerg 

Build Orders: Pool Only, Zergling Baneling 

Get SALT Encoding   

  12  0:00  Drone  
  13  0:10  Drone, Extractor  
  13  0:28  Spawning Pool  
  12  0:32  Drone  
  13  0:37  Drone  
  14  0:45  Drone, Extractor  
  15  0:54  Overlord  
  15  1:14  Queen  
  15  1:15  Zergling x2  
  15  1:16  Zergling x2  
  19  1:20  Zergling x2  
  20  1:28  Metabolic Boost  
  20  1:37  Zergling x4  
  22  1:52  Overlord  
  22  1:55  Baneling Nest  
  21  2:04  Zergling x2  
  22  2:17  Zergling x2  
  22  2:20  Zergling x2  
  24  2:23  Zergling x2  
  24  2:24  Zergling x4  
  27  2:32  Zergling x2  
  28  2:39  Baneling x4  
  28  2:43  Zergling x2  
  29  2:55  Zergling x2  
  27  3:22  Baneling x3  
  27  3:26  Zergling x6  
  26  3:33  Zergling x2  
  26  3:34  Zergling x4  
  26  3:46  Zergling x2  
  26  3:53  Baneling x2  
  26  3:59  Zergling x2  
  27  4:05  Zergling x4  
  27  4:08  Overlord  
  27  4:20  Zergling x4  
  29  4:26  Baneling x5  
Tags
 
Add a new tag
Caveats
  • Supply blocks, unpowered buildings, or Contaminate may cause inaccurate times.
  • Supply counts are checked every 10 seconds.